 Dungeon Crawl Stone Soup version 0.31-a0-145-g046c7d2549 (webtiles) character file.

Game seed: 15303831669443720251

615 qw the Skirmisher (level 7, 0/61 HPs)
             Began as a Minotaur Hunter on June 7, 2023.
             Was a Follower of Okawaru.
             Succumbed to a gnoll sergeant's poison
             ... on level 8 of the Dungeon.
             The game lasted 00:01:49 (4718 turns).

qw the Skirmisher (Minotaur Hunter)                 Turns: 4718, Time: 00:01:49

Health: 0/61       AC: 11    Str: 15    XL:     7   Next: 21%
Magic:  4/6        EV: 16    Int:  6    God:    Okawaru [*.....]
Gold:   84         SH:  0    Dex: 16    Spells: 6/6 levels left

rFire   . . .        Y - +0 shortbow
rCold   + . .        (shield currently unavailable)
rNeg    . . .        h - +2 leather armour {rC+}
rPois   .            (helmet restricted)
rElec   .            (no cloak)
rCorr   .            (no gloves)
SInv    +            b - +0 pair of boots
Will    .....        (no amulet)
Stlth   +++          f - +4 ring of protection
HPRegen 0.30/turn    o - ring of see invisible
MPRegen 0.10/turn

%: no passive effects
@: lethally poisoned (0 -> -13), about to teleport, heroic
A: horns 2, retaliatory headbutt
a: Renounce Religion, Heroism


You were on level 8 of the Dungeon.
You worshipped Okawaru.
Okawaru was aware of your devotion.
You visited 2 branches of the dungeon, and saw 9 of its levels.

You collected 264 gold pieces.
You spent 180 gold pieces at shops.


Innate Abilities, Weirdness & Mutations

You have a pair of horns on your head.
You reflexively headbutt those who attack you in melee.


   Skills:
 - Level 5.5(10.5) Fighting
 + Level 8.0(13.0) Ranged Weapons
 - Level 1.1(6.1) Armour
 - Level 3.2(8.2) Dodging
 - Level 0.7(5.7) Stealth
 + Level 0.0 Invocations


You had 6 spell levels left.
You didn't know any spells.
Your spell library was empty.

Inventory:

Hand Weapons
 Y - a +0 shortbow (weapon)
Armour
 b - a +0 pair of boots (worn)
 h - a +2 leather armour of cold resistance (worn)
Jewellery
 a - a ring of fire
 f - a +4 ring of protection (left hand)
 o - a ring of see invisible (right hand)
Wands
 g - a wand of digging (2)
Scrolls
 e - a scroll of blinking {unknown}
 j - a scroll of identify
Potions
 c - a potion of resistance
 d - a potion of might
 k - 2 potions of curing
 l - a potion of cancellation
 m - a potion of mutation
 n - a potion of haste

Dungeon Overview and Level Annotations

Branches:
Dungeon (9/15)             Temple (1/1) D:5
   Lair: D:8-11         Orc: D:9-12

Altars:
Ashenzari
Cheibriados
Dithmenos
Elyvilon
Fedhas
Gozag
Hepliaklqana
Kikubaaqudgha
Makhleb
Okawaru
Qazlal
Ru
Sif Muna
Trog
Vehumet
Xom
Yredelemnul
Zin
The Shining One

Shops:
D:5 =


Message History

The wight hits you with a +0 flail!
You shoot an arrow. The arrow closely misses the wyvern.
The wyvern closely misses you.
The orc wizard mumbles some strange words.
The orc wizard flickers and vanishes for a moment.
The wight closely misses you.
The gnoll sergeant completely misses you.
You shoot an arrow. The arrow hits the wyvern.
You kill the wyvern!
Okawaru is honoured by your kill.
You can now gain great but temporary skills.
The gnoll sergeant hits you from afar with a +2 trident of venom.
You are poisoned.
The wight barely misses you.
Your Fighting skill increases to level 5!
You have reached level 7!
4715 ||| INVOKING Heroism.
You gain the combat prowess of a mighty hero.
You feel very sick.
The orc wizard hits you with a +0 dagger.
The gnoll sergeant hits you but does no damage.
You are lethally poisoned!
The wight barely misses you. You furiously retaliate!
You headbutt the wight. You shoot an arrow. The arrow hits the wight.
The wight is almost destroyed.
You feel very sick. The orc wizard barely misses you.
The gnoll sergeant hits you from afar with a +2 trident of venom.
The wight hits you with a +0 flail.
4717 ||| READING scroll of teleportation.
As you read the scroll of teleportation, it crumbles to dust.
You feel strangely unstable.
You feel very sick.
The orc wizard points at you and mumbles some strange words.
The puff of flame misses you. The gnoll sergeant barely misses you.
The wight closely misses you.
You shoot an arrow.
The arrow hits the wight but does no damage.
The wight is almost destroyed.
You die...

######## .......#.#
#........# #........##
### #. #.........
..#.... #.......#
##..#.).. #.......#
#ozg..... #)......#
#@#.# #####.......#
#%#.#
........'#######...###)#
........'...............
........###########.....
........# .....
........######## ....
................. ...
................. ...


You could see a gnoll sergeant, a wight and an orc wizard (invisible).

Vanquished Creatures
  A wyvern (D:8)
  A scorpion (D:4)
  A jelly (D:6)
  2 hounds (D:5)
  2 iguanas
  Natasha (D:2)
  Robin (D:2)
  2 gnolls
  12 adders
  A white imp (D:6)
  A worm (D:2)
  6 orcs
  4 bats
  11 endoplasms
  4 giant cockroaches
  10 hobgoblins
  5 quokkas
  8 ball pythons
  A frilled lizard (D:3)
  17 goblins
  9 kobolds
  5 rats
105 creatures vanquished.

Notes
Turn   | Place    | Note
-------+----------+-------------------------------------------
     0 | D:1      | qw the Minotaur Hunter began the quest for the Orb.
     0 | D:1      | Reached XP level 1. HP: 18/18 MP: 0/0
     0 | D:1      | 0 ||| qw: Version: 0.2-a-117-gc6b5c8b
     0 | D:1      | 0 ||| qw: Game counter: 2500
     0 | D:1      | 0 ||| qw: Always use a shield: true
     0 | D:1      | 0 ||| qw: God list: Okawaru
     0 | D:1      | 0 ||| qw: Allow faded altars: false
     0 | D:1      | 0 ||| qw: Do Orc after D:15 true
     0 | D:1      | 0 ||| qw: Do second Lair branch before Depths: true
     0 | D:1      | 0 ||| qw: Lair rune preference: random
     0 | D:1      | 0 ||| qw: Plans: Normal
     0 | D:1      | 0 ||| PLANNING D:1-11
   127 | D:1      | Reached XP level 2. HP: 23/25 MP: 1/1
   192 | D:1      | Reached skill level 5 in Ranged Weapons
   557 | D:1      | Reached skill level 3 in Fighting
   711 | D:1      | Reached XP level 3. HP: 31/31 MP: 2/2
   858 | D:1      | 858 ||| UPGRADING to +0 ring mail.
   868 | D:1      | 868 ||| DROPPING +0 leather armour.
   869 | D:1      | 869 ||| READING scroll labelled TICVIG MON.
   870 | D:1      | 870 ||| READING scroll labelled RORRAD RACOUD.
   871 | D:1      | 871 ||| READING 2 scrolls labelled YRUANW IGAU.
   872 | D:1      | 872 ||| DROPPING scroll of butterflies.
   909 | D:2      | 909 ||| STAIRDANCE
   915 | D:1      | Reached skill level 1 in Armour
  1067 | D:2      | Identified the +0 helmet of Arghagh {Harm +Blink rF+++ rC-}
  1067 | D:2      | Noticed Robin
  1074 | D:2      | Reached XP level 4. HP: 38/38 MP: 3/3
  1087 | D:2      | Killed Robin
  1088 | D:2      | Reached skill level 6 in Ranged Weapons
  1101 | D:2      | 1101 ||| FLEEEEING.
  1102 | D:2      | 1102 ||| FLEEEEING.
  1103 | D:2      | 1103 ||| FLEEEEING.
  1104 | D:2      | 1104 ||| FLEEEEING.
  1105 | D:2      | 1105 ||| FLEEEEING.
  1106 | D:2      | 1106 ||| FLEEEEING.
  1107 | D:2      | 1107 ||| FLEEEEING.
  1108 | D:2      | 1108 ||| FLEEEEING.
  1109 | D:2      | 1109 ||| STAIRDANCE
  1131 | D:1      | 1131 ||| READING scroll labelled DAMIER MOCWIU.
  1325 | D:2      | Noticed Natasha
  1330 | D:2      | Killed Natasha
  1481 | D:2      | 1481 ||| READING scroll labelled CIHILE LIYSH.
  1482 | D:2      | 1482 ||| DRINKING 2 purple potions.
  1586 | D:2      | 1586 ||| DRINKING 2 silvery potions.
  1587 | D:2      | 1587 ||| READING 4 scrolls of identify.
  1587 | D:2      | 1587 ||| IDENTIFYING ruby potion
  1588 | D:2      | 1588 ||| READING 3 scrolls of identify.
  1588 | D:2      | 1588 ||| IDENTIFYING red potion
  1589 | D:2      | 1589 ||| READING 2 scrolls of identify.
  1589 | D:2      | 1589 ||| IDENTIFYING glowing black potion
  1590 | D:2      | 1590 ||| DROPPING potion of magic.
  1591 | D:2      | 1591 ||| DROPPING potion of berserk rage.
  1592 | D:2      | 1592 ||| DROPPING potion of attraction.
  1613 | D:3      | Reached XP level 5. HP: 46/46 MP: 4/4
  2417 | D:3      | 2417 ||| UPGRADING to +0 pair of boots.
  2422 | D:3      | 2422 ||| UPGRADING to +2 leather armour of cold resistance.
  2432 | D:3      | 2432 ||| DROPPING +0 ring mail.
  2433 | D:3      | 2433 ||| UPGRADING to +4 ring of protection.
  2434 | D:3      | 2434 ||| READING scroll labelled MATESO HOXKISIO.
  2437 | D:3      | 2437 ||| READING scroll labelled BAEFIVI NAIC.
  2438 | D:3      | 2438 ||| READING scroll labelled RUASAE POREVA.
  2439 | D:3      | 2439 ||| READING scroll labelled PIGRIN SOKHIAT.
  2440 | D:3      | 2440 ||| DRINKING 2 bubbling silvery potions.
  2442 | D:3      | 2442 ||| Stepping ~*~*~tactically~*~*~ (cloud).
  2863 | D:4      | Reached skill level 7 in Ranged Weapons
  3211 | D:4      | Reached XP level 6. HP: 52/52 MP: 5/5
  3229 | D:4      | 3229 ||| DRINKING 2 black potions.
  3230 | D:4      | 3230 ||| DRINKING 2 sapphire potions.
  3257 | D:5      | Entered Level 5 of the Dungeon
  3410 | D:5      | Found a radiant altar of Vehumet.
  3417 | D:5      | Found Eralizys's Jewellery Emporium.
  3423 | D:5      | 3423 ||| SHOPLISTING +5 ring of evasion (432 gold, have
                  | 190).
  3423 | D:5      | 3423 ||| SHOPLISTING amulet of Lyulel {Reflect rPois rC+
                  | Str-3 SH+5} (502 gold, have 190).
  3423 | D:5      | 3423 ||| SHOPLISTING amulet of the acrobat (360 gold, have
                  | 190).
  3423 | D:5      | 3423 ||| SHOPLISTING ring "Wimuykou" {Fly rElec rC+++
                  | Dex-5} (672 gold, have 190).
  3423 | D:5      | 3423 ||| SHOPLISTING ring of ice (300 gold, have 190).
  3423 | D:5      | 3423 ||| SHOPLISTING ring of protection from cold (300
                  | gold, have 190).
  3423 | D:5      | 3423 ||| SHOPLISTING ring of protection from fire (300
                  | gold, have 190).
  3423 | D:5      | 3423 ||| BUYING ring of see invisible (180 gold).
  3423 | D:5      | Bought a ring of see invisible for 180 gold pieces
  3553 | D:5      | Found a staircase to the Ecumenical Temple.
  3554 | D:5      | 3554 ||| PLANNING TEMPLE
  3554 | D:5      | 3554 ||| UPGRADING to ring of see invisible.
  3555 | D:5      | 3555 ||| DRINKING 3 bubbling inky potions.
  3608 | D:5      | 3608 ||| DROPPING 2 potions of lignification.
  3617 | Temple   | Entered the Ecumenical Temple
  3654 | Temple   | 3654 ||| PLANNING OKAWARU WORSHIP
  3736 | Temple   | Became a worshipper of Warmaster Okawaru
  3736 | Temple   | 3736 ||| PLANNING D:1-11
  4076 | D:5      | Reached skill level 8 in Ranged Weapons
  4424 | D:5      | 4424 ||| READING scroll labelled QYCLUZ HIEL.
  4425 | D:5      | 4425 ||| READING 2 scrolls of identify.
  4425 | D:5      | 4425 ||| IDENTIFYING emerald potion
  4426 | D:5      | 4426 ||| DROPPING potion of degeneration.
  4555 | D:6      | Reached skill level 3 in Dodging
  4555 | D:6      | Found a basalt altar of Yredelemnul.
  4606 | D:6      | Found a glowing golden altar of the Shining One.
  4619 | D:6      | You fall into a shaft and drop 3 floors!
  4646 | D:9      | 4646 ||| READING 2 scrolls of identify.
  4646 | D:9      | 4646 ||| IDENTIFYING golden potion
  4689 | D:8      | Identified the +4 trident of Ignis's Pride {spect, *Noise
                  | rElec Str+3 Stlth+}
  4705 | D:8      | Noticed a wyvern
  4707 | D:8      | 4707 ||| Stepping ~*~*~tactically~*~*~ (outnumbered).
  4714 | D:8      | Killed a wyvern
  4714 | D:8      | Reached * piety under Okawaru
  4715 | D:8      | Reached XP level 7. HP: 22/61 MP: 6/6
  4715 | D:8      | 4715 ||| INVOKING Heroism.
  4716 | D:8      | HP: 13/61 [poisoned by a gnoll sergeant]
  4717 | D:8      | 4717 ||| READING scroll of teleportation.
  4717 | D:8      | HP: 3/61 [poisoned by a gnoll sergeant]
  4718 | D:8      | Succumbed to a gnoll sergeant's poison

Levels and vault maps discovered:
D:1:      elethiomel_arrival_infinity_welcomes_careful_drivers, layout_basic
D:2:      layout_rooms, uniq_natasha, uniq_robin
D:3:      layout_basic
D:4:      layout_basic
D:5:      layout_loops_ring, mainiacjoe_overflow_alcove_1,
          lemuel_temple_firewalk_b, serial_shops, shop,
          kennysheep_cross_bottleneck
D:6:      layout_gridville, old_standard_altar, lemuel_tele_altar
D:8:      layout_basic, nzn_wu_jian_council_hall, dpeg_oklobed_lair,
          minmay_chambers_of_fives
D:9:      layout_rooms, nicolae_overflow_hidden_temple, moated_statue,
          hangedman_decor_push, nicolae_diode_quadrants
Temple:   kb_temple_of_zot

Skill      XL: |  1  2  3  4  5  6 |
---------------+-------------------+-----
Ranged Weapons | 5 6 7 8 |  8.0
Fighting       | 3 4 5 |  5.5
Armour         | 1 |  1.1
Dodging        | 3 |  3.2
Stealth        | |  0.7

Action                     |  1- 3 |  4- 6 |  7- 9 || total
---------------------------+-------+-------+-------++-------
   Fire: Shortbow          |   124 |   212 |     2 ||   338
 Invoke: Heroism           |       |       |     1 ||     1
    Use: Scroll            |     3 |    12 |     1 ||    16
         Potion            |       |     6 |       ||     6
 Armour: Leather armour    |     5 |    17 |     1 ||    23
         Ring mail         |     8 |     8 |       ||    16
  Dodge: Dodged            |    39 |    49 |     5 ||    93

Table legend:
 A = Non-vault XP
 B = Vault XP
 C = Vault XP percentage of total XP
 D = Non-vault monster count
 E = Vault monster count
 F = Vault count percentage of total count
                 A         B        C        D         E       F
            +---------+---------+-------+---------+---------+-------
      Total |     605 |     274 |  31.2 |      89 |      16 |  15.2
            +---------+---------+-------+---------+---------+-------
        D:1 |      65 |       0 |   0.0 |      25 |       0 |   0.0
        D:2 |      55 |      75 |  57.7 |      16 |      14 |  46.7
        D:3 |      48 |       0 |   0.0 |      16 |       0 |   0.0
        D:4 |     159 |       0 |   0.0 |      18 |       0 |   0.0
        D:5 |     168 |       0 |   0.0 |      10 |       0 |   0.0
        D:6 |      95 |       0 |   0.0 |       3 |       0 |   0.0
        D:8 |       0 |     199 | 100.0 |       0 |       2 | 100.0
        D:9 |      15 |       0 |   0.0 |       1 |       0 |   0.0
            +---------+---------+-------+---------+---------+-------
